 Dungeon Crawl Stone Soup version 0.30-a0-739-gea05faddec (webtiles) character file.

Game seed: 8469759043303541510

1479 kingofthe the Chopper (level 8, -3/67 HPs)
             Began as a Gnoll Chaos Knight on Feb 4, 2023.
             Was a Plaything of Xom.
             Succumbed to an orc wizard's poison
             ... on level 5 of the Dungeon.
             The game lasted 00:12:22 (4386 turns).

kingofthe the Chopper (Gnoll Chaos Knight)          Turns: 4386, Time: 00:12:23

Health: -3/67      AC: 12    Str: 12    XL:     8   Next: 79%
Magic:  22/22      EV: 11    Int: 12    God:    Xom [.....*]
Gold:   127        SH:  0    Dex: 17    Spells: 14/14 levels left

rFire   . . .      SeeInvis .    b - +2 dagger (drain)
rCold   + . .      Faith    .    (no shield)
rNeg    . . .      Spirit   .    p - +2 scale mail {rC+}
rPois   .          Reflect  .    n - +2 helmet of Misanthropy {Dex+4}
rElec   .          Harm     .    (no cloak)
rCorr   .          Rampage  .    (no gloves)
Will    +....                    (no boots)
Stlth   +                        (no amulet)
HPRegen 0.31/turn                q - ring of magical power
MPRegen 0.18/turn                (no ring)

@: lethally poisoned (-3 -> -30)
A: fangs 1, strong nose, distributed training, strong-willed 1
a: Renounce Religion


You were on level 5 of the Dungeon.
You worshipped Xom.
You were Xom's teddy bear.
You visited 1 branch of the dungeon, and saw 5 of its levels.

You collected 127 gold pieces.

Inventory:

Hand Weapons
 a - a +1 hand axe of chaos
 b - a +2 dagger of draining (weapon)
 o - a +0 dagger of chaos
Armour
 e - a +0 ring mail of positive energy
 n - the +2 helmet of Misanthropy (worn) {Dex+4}
   (Xom gifted it to you on level 2 of the Dungeon)

   Dex:       It affects your dexterity (+4).
 p - a +2 scale mail of cold resistance (worn)
 r - a +2 leather armour
 w - an orb of energy
Jewellery
 q - a ring of magical power (left hand)
Wands
 i - a wand of polymorph (7)
 z - a wand of roots (6)
Scrolls
 d - a scroll of magic mapping
 h - 5 scrolls of teleportation {unknown}
 s - a scroll of brand weapon {unknown}
 t - 2 scrolls of fog {unknown}
 u - a scroll of enchant weapon
 v - a scroll of amnesia
 y - a scroll of identify {unknown}
Potions
 f - 3 potions of heal wounds {unknown}
 g - 4 potions of curing {unknown}
 j - 3 potions of mutation {unknown}
 k - a potion of lignification {unknown}
 l - 2 potions of might {unknown}
 m - a potion of attraction {unknown}
 x - a potion of flight {unknown}
Miscellaneous
 c - a piece from Xom's chessboard (15/15) (quivered)


   Skills:
 + Level 7.6 Fighting
 + Level 3.7 Short Blades
 + Level 3.7 Long Blades
 + Level 7.6 Axes
 + Level 3.7 Maces & Flails
 + Level 3.7 Polearms
 + Level 3.7 Staves
 + Level 3.7 Ranged Weapons
 + Level 3.7 Throwing
 + Level 6.0 Armour
 + Level 4.6 Dodging
 + Level 3.7 Stealth
 + Level 3.7 Shields
 + Level 3.7 Unarmed Combat
 + Level 3.7 Spellcasting
 + Level 3.0 Conjurations
 + Level 3.0 Hexes
 + Level 3.0 Summonings
 + Level 3.0 Necromancy
 + Level 3.0 Translocations
 + Level 3.0 Transmutations
 + Level 3.0 Fire Magic
 + Level 3.0 Ice Magic
 + Level 3.0 Air Magic
 + Level 3.0 Earth Magic
 + Level 3.0 Poison Magic
 + Level 4.1 Invocations
 + Level 3.7 Evocations


You had 14 spell levels left.
You didn't know any spells.
Your spell library contained the following spells:

 Spells                   Type           Power      Damage    Failure   Level
 Sandblast                Erth           18%        2d7       28%         1
 Shock                    Conj/Air       36%        1d5       28%         1
 Passwall                 Tmut/Erth      7%         N/A       38%         2
 Portal Projectile        Hex/Tloc       18%        N/A       63%         3
 Stone Arrow              Conj/Erth      18%        3d8       63%         3
 Swiftness                Air            9%         N/A       63%         3
 Tukima's Dance           Hex            9%         N/A       63%         3
 Airstrike                Air            4%         2d(1-17)  95%         4
 Blade Hands              Tmut           4%         N/A       100%        5


Dungeon Overview and Level Annotations

Branches:
Dungeon (5/15)             Temple (0/1) D:4

Altars:
Gozag
Uskayaw
Vehumet
Yredelemnul

Shops:
D:1 (   D:4 =   D:5 *


Innate Abilities, Weirdness & Mutations

You have very sharp teeth.
Your uncanny sense of smell can sniff out nearby items.
Your experience applies equally to all skills.
You are strong-willed. (Will+)


Message History

You feel sick.
You feel sick. Something hits you but does no damage.
You are more poisoned.
You hit something.
You feel sick. Something hits you but does no damage.
You hit something but do no damage.
You feel sick. Something hits you but does no damage.
You are more poisoned.
You miss something.
You feel sick.
You miss something.
You feel sick. Something hits you.
You are more poisoned.
You closely miss something.
You feel very sick. Something hits you but does no damage.
You are more poisoned.
You barely miss something.
You feel very sick. Something hits you.
You are more poisoned.
You hit something. You punch something.
You feel very sick.
You hear some strange, mumbled words.
A puff of flame appears from out of thin air!
The puff of flame hits you.
You hit something.
* * * LOW HITPOINT WARNING * * *
You feel very sick.
You hit something.
* * * LOW HITPOINT WARNING * * *
You feel very sick. Something hits you but does no damage.
You are more poisoned.
Something hits you but does no damage.
You are more poisoned.
* * * LOW HITPOINT WARNING * * *
You feel extremely sick.
A magic dart appears from out of thin air!
The magic dart hits you.
* * * LOW HITPOINT WARNING * * *
You die...
Xom snickers!

#.......# #.......#
#.......# #.......### **
#.........## *...
#.......#..##### *...#
#.....).##.#)).# *#..#*
#.........{.#..# #..#
#......@#.#.##)###...##*
#########..............
######....#.##..
#....#.###. #..........
##....####. #......##.
#...#..... ##.#...###.


There were no monsters in sight!

Vanquished Creatures
  2 water moccasins
  A swamp drake (D:4)
  An ice beast (D:5)
  An ogre (D:4)
  A scorpion (D:5)
  A howler monkey (D:4)
  2 orc priests (D:4)
  A hound (D:4)
  2 jellies
  A gnoll bouda (D:5)
  3 iguanas (D:5)
  Terence (D:3)
  A hound zombie (D:3)
  3 gnolls
  6 adders
  A dart slug (D:5)
  11 orcs
  9 bats
  9 endoplasms
  4 giant cockroaches
  9 goblins
  9 hobgoblins
  8 jackals
  5 kobolds
  3 quokkas
  2 ball pythons
  2 frilled lizards
  A quokka zombie (D:3)
  6 rats
106 creatures vanquished.

Vanquished Creatures (collateral kills)
  Grinder (D:3)
  An ogre (D:5)
  A phantom (D:4)
  A scorpion (D:5)
4 creatures vanquished.

Vanquished Creatures (others)
  An orc wizard (D:5)
  An orc (D:4)
  24 plants
26 creatures vanquished.

Grand Total: 136 creatures vanquished

Notes
Turn   | Place    | Note
-------+----------+-------------------------------------------
     0 | D:1      | kingofthe the Gnoll Chaos Knight began the quest for the
                  | Orb.
     0 | D:1      | Reached XP level 1. HP: 23/23 MP: 1/1
    24 | D:1      | XOM: smoke on damage
    82 | D:1      | Reached XP level 2. HP: 27/29 MP: 2/2
   187 | D:1      | Found Obyt's Weapon Shop.
   365 | D:1      | XOM: noise
   367 | D:1      | Reached XP level 3. HP: 35/35 MP: 3/3
   435 | D:1      | XOM: god gift: scroll labelled ISTAPIMALO {god gift}
   563 | D:1      | Reached skill level 1 in Invocations
   656 | D:1      | Found a faded altar of an unknown god.
  1120 | D:2      | Reached skill level 1 in Short Blades
  1120 | D:2      | Reached skill level 1 in Long Blades
  1120 | D:2      | Reached skill level 1 in Maces & Flails
  1120 | D:2      | Reached skill level 1 in Polearms
  1120 | D:2      | Reached skill level 1 in Staves
  1120 | D:2      | Reached skill level 1 in Ranged Weapons
  1120 | D:2      | Reached skill level 1 in Throwing
  1120 | D:2      | Reached skill level 1 in Stealth
  1120 | D:2      | Reached skill level 1 in Shields
  1120 | D:2      | Reached skill level 1 in Unarmed Combat
  1120 | D:2      | Reached skill level 1 in Spellcasting
  1120 | D:2      | Reached skill level 1 in Evocations
  1136 | D:2      | Reached XP level 4. HP: 41/41 MP: 5/5
  1136 | D:2      | XOM: god gift: bloodstained helmet {god gift}
  1136 | D:2      | Identified the +2 helmet of Misanthropy {Dex+4} (Xom gifted
                  | it to you on level 2 of the Dungeon)
  1887 | D:3      | XOM: divination: detect creatures
  1892 | D:3      | Reached skill level 1 in Conjurations
  1892 | D:3      | Reached skill level 1 in Hexes
  1892 | D:3      | Reached skill level 1 in Summonings
  1892 | D:3      | Reached skill level 1 in Necromancy
  1892 | D:3      | Reached skill level 1 in Translocations
  1892 | D:3      | Reached skill level 1 in Transmutations
  1892 | D:3      | Reached skill level 1 in Fire Magic
  1892 | D:3      | Reached skill level 1 in Ice Magic
  1892 | D:3      | Reached skill level 1 in Air Magic
  1892 | D:3      | Reached skill level 1 in Earth Magic
  1892 | D:3      | Reached skill level 1 in Poison Magic
  1909 | D:3      | Noticed Grinder
  1910 | D:3      | XOM: noise
  1915 | D:3      | XOM: noise
  1927 | D:3      | XOM: silly message
  1927 | D:3      | Paralysed by Grinder for 2 turns
  1936 | D:3      | XOM: chaos upgrade
  2019 | D:3      | XOM: cast spell 'Summon Mana Viper'
  2026 | D:3      | Killed Grinder
  2027 | D:3      | Reached skill level 5 in Armour
  2027 | D:3      | Reached XP level 5. HP: 47/47 MP: 5/8
  2027 | D:3      | Reached XP level 6. HP: 53/53 MP: 5/9
  2074 | D:3      | XOM: silly message
  2089 | D:3      | Found a radiant altar of Vehumet.
  2158 | D:3      | XOM: cloud trail
  2338 | D:3      | Noticed Terence
  2347 | D:3      | Killed Terence
  2444 | D:3      | Found a basalt altar of Yredelemnul.
  2513 | D:3      | XOM: silly message
  2635 | D:4      | Found Tesoihui's Jewellery Shoppe.
  2707 | D:4      | XOM: noise
  2712 | D:4      | Reached XP level 7. HP: 57/60 MP: 10/10
  3045 | D:4      | Found a staircase to the Ecumenical Temple.
  3216 | D:4      | XOM: divination: detect items
  3321 | D:4      | Found a hide-covered altar of Uskayaw.
  3396 | D:5      | Entered Level 5 of the Dungeon
  3396 | D:5      | Found Gozag's Platinum Reserve.
  3478 | D:5      | XOM: summons 7 friendly demons
  3492 | D:5      | Reached XP level 8. HP: 33/67 MP: 12/12
  3497 | D:5      | XOM: polymorph quasit -> lemure
  3685 | D:5      | XOM: polymorph ogre -> swamp drake
  3793 | D:4      | XOM: summons 8 friendly demons
  3893 | D:5      | Found an opulent altar of Gozag.
  4176 | D:5      | XOM: divination: magic mapping
  4192 | D:4      | XOM: enchant monster (good)
  4260 | D:5      | XOM: give mutation
  4260 | D:5      | Gained mutation: You are strong-willed. (Will+) [Xom's
                  | grace]
  4385 | D:5      | HP: 3/67 [something/magic dart (4)]
  4386 | D:5      | Succumbed to an orc wizard's poison

Illustrated notes

Levels and vault maps discovered:
D:1:      minmay_arrival_four_loops, layout_rooms, serial_shops,
          nicolae_shop_trees, hellmonk_ecumenical_altar_inner_sanctum,
          hangedman_decor_opposing, hangedman_decor_clover_reticule,
          nicolae_concentric_dashed_squares_wild
D:2:      layout_basic
D:3:      layout_loops_ring, lemuel_zombie_altar_yredelemnul,
          lemuel_doored_altar, serial_bayou, serial_bayou_lagoon_b,
          serial_bayou_pond_c, serial_bayou_crossing, serial_bayou_shore_a,
          uniq_grinder, uniq_terence
D:4:      layout_cave_pools, nicolae_overflow_crystal_walls,
          minmay_temple_entry_junction, serial_shops, shop, minmay_puff
D:5:      layout_rooms, nicolae_ru_the_path_less_chosen,
          nicolae_gozag_zags_fifth_avenue, st_stairs_10

Skill      XL: |  1  2  3  4  5  6  7  8 |
---------------+-------------------------+-----
Invocations    | 1 2 3 4 |  4.1
Short Blades   | 1 2 3 |  3.7
Long Blades    | 1 2 3 |  3.7
Maces & Flails | 1 2 3 |  3.7
Polearms       | 1 2 3 |  3.7
Staves         | 1 2 3 |  3.7
Ranged Weapons | 1 2 3 |  3.7
Throwing       | 1 2 3 |  3.7
Stealth        | 1 2 3 |  3.7
Shields        | 1 2 3 |  3.7
Unarmed Combat | 1 2 3 |  3.7
Spellcasting   | 1 2 3 |  3.7
Evocations     | 1 2 3 |  3.7
Conjurations   | 1 2 3 |  3.0
Hexes          | 1 2 3 |  3.0
Summonings     | 1 2 3 |  3.0
Necromancy     | 1 2 3 |  3.0
Translocations | 1 2 3 |  3.0
Transmutations | 1 2 3 |  3.0
Fire Magic     | 1 2 3 |  3.0
Ice Magic      | 1 2 3 |  3.0
Air Magic      | 1 2 3 |  3.0
Earth Magic    | 1 2 3 |  3.0
Poison Magic   | 1 2 3 |  3.0
Armour         | 5 6 |  6.0
Dodging        | 3 4 |  4.6
Fighting       | 7 |  7.6
Axes           | 7 |  7.6

Action                     |  1- 3 |  4- 6 |  7- 9 || total
---------------------------+-------+-------+-------++-------
  Melee: Hand axe          |   101 |   113 |    16 ||   230
         Bite              |     7 |    17 |    31 ||    55
         Unarmed           |       |     6 |       ||     6
         Dagger            |       |       |   230 ||   230
         Punch             |       |       |     6 ||     6
  Evoke: Wand              |       |       |     1 ||     1
    Use: Scroll            |       |     7 |       ||     7
   Stab: Sleeping          |     1 |     1 |       ||     2
         Paralysed         |       |       |     2 ||     2
 Armour: Leather armour    |    14 |       |       ||    14
         Ring mail         |    33 |    27 |       ||    60
         Scale mail        |       |     7 |   108 ||   115
  Dodge: Dodged            |    71 |    63 |   108 ||   242

Table legend: (Time is in decaauts)
 A = Elapsed time spent in this place.
 B = Non-inter-level travel time spent in this place.
 C = Inter-level travel time spent in this place.
 D = Time resting spent in this place.
 E = Time spent auto-exploring this place.
 F = Levels seen in this place.
 G = Mean time per level.
                   A        B        C        D        E       F      G
               +--------+--------+--------+--------+--------+-----+--------+
         Total |   4385 |   4267 |    118 |    410 |   2827 |   5 |  877.0 |
       Dungeon |   4385 |   4267 |    118 |    410 |   2827 |   5 |  877.0 |
               +--------+--------+--------+--------+--------+-----+--------+

Top non-repeatable levels by time:
     D:4: 1139 daAuts
     D:2: 952 daAuts
     D:3: 920 daAuts
     D:1: 731 daAuts
     D:5: 641 daAuts
